 Dungeon Crawl Stone Soup version 0.30-a0-630-g881e3bac89 (console) character file.

Game seed: 11697314021264902666

177 Ignak the Trooper (level 5, -1/54 HPs)
             Began as an Ogre Warper on Jan 13, 2023.
             Slain by a bullfrog (4 damage)
             ... on level 2 of the Dungeon.
             The game lasted 00:05:53 (3225 turns).

Ignak the Trooper (Ogre Warper)                     Turns: 3225, Time: 00:05:53

Health: -1/54      AC:  3    Str: 17    XL:     5   Next: 57%
Magic:  16/18      EV: 10    Int: 14    God:
Gold:   170        SH:  0    Dex:  8    Spells: 5/10 levels left

rFire   . . .      SeeInvis .    j - +2 mace (protect)
rCold   . . .      Faith    .    (no shield)
rNeg    . . .      Spirit   .    b - +0 robe
rPois   +          Reflect  .    (helmet restricted)
rElec   .          Harm     .    (no cloak)
rCorr   .          Rampage  .    (gloves unavailable)
Will    .....                    (boots unavailable)
Stlth   +                        (no amulet)
HPRegen 0.29/turn                f - ring of magical power
MPRegen 0.16/turn                i - ring of poison resistance

@: very slightly contaminated
A: large, unfitting armour, tough skin 1
a: no special abilities


You were on level 2 of the Dungeon.
You visited 1 branch of the dungeon, and saw 4 of its levels.

You collected 170 gold pieces.

Inventory:

Hand Weapons
 j - a +2 mace of protection (weapon)
Missiles
 d - 7 boomerangs of dispersal (quivered)
 n - a boomerang
Armour
 b - a +0 robe (worn)
Jewellery
 f - a ring of magical power (left hand)
 i - a ring of poison resistance (right hand)
 l - a ring of see invisible
Scrolls
 c - 2 scrolls of blinking
 e - 3 scrolls of magic mapping {unknown}
 g - a scroll of amnesia
 m - a scroll of brand weapon
 r - a scroll of enchant weapon {unknown}
 u - a scroll of vulnerability {unknown}
 v - a scroll of poison {unknown}
Potions
 a - 2 potions of degeneration {unknown}
 h - a potion of magic {unknown}
 k - 2 potions of flight {unknown}
 o - 3 potions of curing {unknown}
 p - 2 potions of heal wounds {unknown}
 q - a potion of might {unknown}
 s - a potion of invisibility {unknown}
 t - a potion of haste {unknown}


   Skills:
 + Level 3.7 Fighting
 + Level 2.5 Maces & Flails
 - Level 1.0 Throwing
 + Level 1.4 Armour
 + Level 2.7 Dodging
 - Level 1.0 Unarmed Combat
 + Level 3.1 Spellcasting
 + Level 3.3 Translocations


You had 5 spell levels left.
You knew the following spells:

 Your Spells              Type           Power      Damage    Failure   Level
a - Teleport Other        Tloc           11%        N/A       16%         3
b - Blink                 Tloc           22%        N/A       9%          2

Your spell library contained the following spells:

 Spells                   Type           Power      Damage    Failure   Level
 Lesser Beckoning         Tloc           22%        N/A       16%         3
 Sublimation of Blood     Necr           2%         N/A       32%         2
 Vhi's Electric Charge    Tloc/Air       12%        N/A       32%         3
 Kindle Blastsparks       Fire/Tloc/Air  10%        2d10      38%         3
 Manifold Assault         Tloc           11%        N/A       47%         4
 Ignite Poison            Fire/Tmut/Pois 2%         N/A       54%         3
 Petrify                  Tmut/Erth      2%         N/A       91%         4
 Freezing Cloud           Conj/Ice/Air   1%         6-21      99%         5
 Irradiate                Conj/Tmut      1%         3d12      99%         5
 Conjure Ball Lightning   Conj/Air       1%         3x3d6     100%        6
 Discord                  Hex            1%         N/A       100%        8
 Disjunction              Tloc           5%         N/A       100%        8


Dungeon Overview and Level Annotations

Branches:
Dungeon (4/15)
 Temple: D:4-7

Altars:
Gozag
Makhleb
Uskayaw


Innate Abilities, Weirdness & Mutations

You are too large for most types of armour.
You have tough skin. (AC +1)


Message History

The bullfrog is heavily wounded.
The bullfrog hits you. The phantom hits you.
The phantom blinks!
You blink.
The phantom hits you.
A quokka comes into view.
Found 8 gold pieces.
The phantom hits you but does no damage.
Found 13 gold pieces and a flail.
The phantom hits you but does no damage.
The phantom attacks as you move away! The phantom closely misses you.
Found an escape hatch in the floor.
The quokka misses you.
The quokka bites you but does no damage.
The quokka bites you. The quokka closely misses you.
There is a stone staircase leading up here.
The bullfrog hits you. The quokka bites you. The bullfrog barely misses you.
The quokka barely misses you.
The phantom hits you but does no damage.
You climb upwards.
There is a stone staircase leading down here.
The quokka attacks as you move away! The quokka closely misses you.
The quokka bites you.
* * * LOW HITPOINT WARNING * * *
The bullfrog attacks as you move away! The bullfrog barely misses you.
The phantom attacks as you move away! The phantom hits you.
* * * LOW HITPOINT WARNING * * *
The bullfrog hits you.
* * * LOW HITPOINT WARNING * * *
There is an escape hatch in the ceiling here.
The quokka bites you.
* * * LOW HITPOINT WARNING * * *
The bullfrog hits you.
* * * LOW HITPOINT WARNING * * *
The phantom barely misses you. The quokka bites you.
* * * LOW HITPOINT WARNING * * *
A mysterious force pulls you upwards. The hatch slams shut behind you.
Casting: Teleport Other (dangerous; 16% risk of failure)
Confirm with . or Enter, or press ? or * to list all spells.
You miscast Blink.
You are very lightly contaminated with residual magic.
Nothing appears to happen.
The bullfrog hits you.
You die...

#.##.# #............ #.##.#
#.##########. #.##.# #.#
#......#. #.##.# #.# #.####...
#.##.# ##.###......#.
#.##.###############.............
#.#...................########.#.
#.################..#.# #.#.
#...†..........W@F....########...
#################r...............
#########..#############..
#......................'..
#.####>..###############.. #.#
#.### #.. #.# #.# ### #.# #.# #.#
#.##


You could see a phantom, a bullfrog and a quokka.

Vanquished Creatures
  An orc wizard (D:3)
  4 gnolls (D:3)
  5 adders
  A worm (D:2)
  8 orcs (D:3)
  6 bats
  4 endoplasms
  4 goblins
  A hobgoblin (D:2)
  6 jackals
  4 kobolds
  2 quokkas
  6 ball pythons
  3 frilled lizards (D:1)
  4 rats
59 creatures vanquished.

Notes
Turn   | Place    | Note
-------+----------+-------------------------------------------
     0 | D:1      | Ignak the Ogre Warper began the quest for the Orb.
     0 | D:1      | Reached XP level 1. HP: 22/22 MP: 3/3
   107 | D:1      | Reached XP level 2. HP: 23/29 MP: 5/5
   898 | D:2      | Reached XP level 3. HP: 32/37 MP: 6/6
   957 | D:2      | Reached skill level 1 in Unarmed Combat
  1174 | D:2      | Learned a level 2 spell: Blink
  1178 | D:2      | Learned a level 3 spell: Teleport Other
  1741 | D:3      | Found a hide-covered altar of Uskayaw.
  1771 | D:3      | Found an opulent altar of Gozag.
  1870 | D:3      | Reached skill level 1 in Armour
  1870 | D:3      | Reached XP level 4. HP: 11/45 MP: 8/8
  2372 | D:3      | Reached XP level 5. HP: 33/53 MP: 9/9
  2828 | D:3      | Found a burning altar of Makhleb.
  3199 | D:4      | Noticed a phantom
  3223 | D:3      | HP: 2/54 [quokka (1)]
  3225 | D:2      | Slain by a bullfrog

Illustrated notes

Levels and vault maps discovered:
D:1:      dpeg_arrival_rooms_with_view, layout_basic,
          nicolae_concentric_dashed_squares_wild
D:2:      layout_basic
D:3:      layout_loops_corners, eat_drink_and_be_merry_uskayaw,
          lemuel_doored_altar, pf_just_have_faith
D:4:      layout_rooms, grunt_temple_overflow_open, gammafunk_ghost_grave

Skill      XL: |  1  2  3  4 |
---------------+-------------+-----
Fighting       | 3 |  3.7
Maces & Flails | 2 |  2.5
Unarmed Combat | 1 |  1.0
Translocations | 3 |  3.3
Armour         | 1 |  1.4
Spellcasting   | 3 |  3.1
Throwing       | |  1.0
Dodging        | |  2.7

Action                   |  1- 3 |  4- 6 || total
-------------------------+-------+-------++-------
Melee: Mace              |   134 |   121 ||   255
       Punch             |     1 |     1 ||     2
 Cast: Teleport Other    |     2 |       ||     2
       Blink             |     1 |       ||     1
  Use: Scroll            |     2 |     1 ||     3
Armor: Robe              |    72 |    81 ||   153
Dodge: Dodged            |    58 |   114 ||   172

Table legend: (Time is in decaauts)
 A = Elapsed time spent in this place.
 B = Non-inter-level travel time spent in this place.
 C = Inter-level travel time spent in this place.
 D = Time resting spent in this place.
 E = Time spent auto-exploring this place.
 F = Levels seen in this place.
 G = Mean time per level.
                   A        B        C        D        E       F      G
               +--------+--------+--------+--------+--------+-----+--------+
         Total |   3298 |   3256 |     42 |    349 |   2038 |   4 |  824.5 |
       Dungeon |   3298 |   3256 |     42 |    349 |   2038 |   4 |  824.5 |
               +--------+--------+--------+--------+--------+-----+--------+

Top non-repeatable levels by time:
     D:3: 1486 daAuts
     D:1: 889 daAuts
     D:2: 873 daAuts
     D:4: 50 daAuts
